 Dungeon Crawl Stone Soup version 0.31-a0-845-g9abc20d24f (webtiles) character file.

Game seed: 6804686730812687785

322 arglypuff the Ducker (level 6, -4/43 HPs)
             Began as a Djinni Hedge Wizard on Oct 1, 2023.
             Slain by a water moccasin (6 damage)
             ... on level 5 of the Dungeon.
             The game lasted 00:05:05 (3974 turns).

arglypuff the Ducker (Djinni Hedge Wizard)          Turns: 3974, Time: 00:05:05

Health: -4/43      AC:  3    Str:  9    XL:     6   Next: 76%
Gold:   247        EV: 13    Int: 18    God:
                   SH:  0    Dex: 12

rFire   + + +        d - +1 spear (venom)
rCold   x . .        (no shield)
rNeg    + . .        b - +0 robe
rPois   ∞            c - +0 hat
rElec   .            (no cloak)
rCorr   .            r - +0 pair of gloves
SInv    .            (boots unavailable)
Will    .....        (no amulet)
Stlth   ++           h - ring of protection from fire
HPRegen 0.27/turn    l - ring of positive energy
MPRegen 0.00/turn

%: infuse magic (-5 HP)
@: flying
A: sickness immunity, fire resistance 2, cold vulnerability 1, float, innate
caster, HP casting, extra vitality 1
a: no special abilities


You were on level 5 of the Dungeon.
You visited 1 branch of the dungeon, and saw 5 of its levels.

You collected 247 gold pieces.

Inventory:

Hand Weapons
 a - a +0 dagger
 d - a +1 spear of venom (weapon)
Armour
 b - a +0 robe (worn)
 c - a +0 hat (worn)
 r - a +0 pair of gloves (worn)
Jewellery
 h - a ring of protection from fire (left hand)
 l - a ring of positive energy (right hand)
Wands
 p - a wand of flame (19)
 q - a wand of mindburst (16)
 u - a wand of charming (4)
 w - a wand of roots (10)
Scrolls
 j - 4 scrolls of identify {unknown}
 m - a scroll of vulnerability {unknown}
 n - 2 scrolls of noise {unknown}
Potions
 f - a potion of heal wounds {unknown}
 g - 6 potions of curing {unknown}
 i - 2 potions of degeneration {unknown}
 s - 2 potions of might {unknown}
 t - 2 potions of attraction {unknown}
 v - a potion of mutation {unknown}


   Skills:
 + Level 1.9 Fighting
 + Level 1.1 Polearms
 + Level 4.8 Dodging
 + Level 2.9 Stealth
 + Level 3.6 Spellcasting
 + Level 3.6 Conjurations
 + Level 3.6 Hexes
 + Level 3.6 Summonings
 + Level 3.6 Necromancy
 + Level 3.6 Translocations
 + Level 3.6 Transmutations
 + Level 3.6 Fire Magic
 + Level 3.6 Ice Magic
 + Level 3.6 Air Magic
 + Level 3.6 Earth Magic
 + Level 3.6 Poison Magic


You knew the following spells:

 Your Spells              Type           Power      Damage    Failure   Level
a - Magic Dart            Conj           64%        1d6       3%          1
b - Slow                  Hex            64%        N/A       3%          1
c - Blink                 Tloc           32%        N/A       5%          2
d - Call Imp              Summ           32%        N/A       5%          2
e - Mephitic Cloud        Conj/Pois/Air  16%        N/A       11%         3
f - Sting                 Tmut/Pois      64%        1d6       3%          1
g - Lesser Beckoning      Tloc           32%        N/A       5%          2
Your spell library was empty.

Dungeon Overview and Level Annotations

Branches:
Dungeon (5/15)
 Temple: D:4-7

Altars:
Gozag
Hepliaklqana
Trog
Uskayaw

Portals:
Abyss: D:4

Annotations:
D:4 2 transporters, garrulousMonolith's ghost, amateur GrFi


Innate Abilities, Weirdness & Mutations

You are immune to sickness and miasma.
You are immune to poison.
Your flesh is very heat resistant. (rF++)
You are vulnerable to cold. (rC-)
You float through the air rather than walking.
You learn spells naturally, not from books.
Your magical power is your life essence.
You have superior vitality. (+4 MHP)


Message History

You now have 247 gold pieces (gained 1).
Your cerulean imp hits the water moccasin with a -3 spear.
The water moccasin misses your cerulean imp.
Okay, then.
Casting: Call Imp (safe; 5% risk of failure)
Confirm with . or Enter, or press ? or * to list all spells.
You can't see any susceptible monsters within range! (Use Z to cast anyway.)
Your cerulean imp hits the water moccasin with a -3 spear.
The water moccasin bites your cerulean imp.
A hound comes into view.
An ogre comes into view. It is wielding a +0 giant club.
Found a scroll labelled HUZEABBY CUTA.
The ogre shouts!
You hear a bark!
Your cerulean imp disappears in a puff of smoke!
Okay, then.
An orc comes into view. It is wielding a +0 morningstar.
The water moccasin attacks as it pursues you!
The water moccasin barely misses you.
The orc shouts!
The water moccasin attacks as it pursues you!
The water moccasin bites you.
An orc wizard comes into view. It is wielding a +0 dagger.
The water moccasin misses you. The water moccasin bites you!
The orc wizard moves out of view.
An orc comes into view. It is wielding a +0 flail.
The orc shouts!
The orc hits you but does no damage.
Found a murky puce potion.
The water moccasin attacks as it pursues you!
The water moccasin bites you!
* * * LOW HITPOINT WARNING * * *
The water moccasin closely misses you. The orc misses you. The orc misses you.
The water moccasin attacks as it pursues you!
The water moccasin bites you.
* * * LOW HITPOINT WARNING * * *
The orc attacks as it pursues you! The orc hits you with a +0 morningstar!
* * * LOW HITPOINT WARNING * * *
The water moccasin bites you.
You die...

#8$.#..............
#_.$.......$.......
#8$.#.....O...#....
#####..###..#.#...
...#..#...###.#
..###......)#..## ..
####.oh.....# ........
#..S....## ........
.##o.@....#
.......###..o...........
#.).....##...........#..
...?.....#.....#.....###
............#####.!...#
............####........
....!........(..........
...............# .###.#.
..............##...


You could see a water moccasin, an ogre, a hound, an orc wizard (wandering) and
2 orcs.

Vanquished Creatures
  A jelly (D:5)
  Ijyb (D:3)
  2 iguanas (D:4)
  A sleepcap (D:3)
  Robin (D:3)
  8 adders
  A worm (D:3)
  5 dart slugs
  5 orcs
  5 ball pythons
  6 endoplasms
  3 giant cockroaches (D:1)
  9 goblins
  11 hobgoblins
  2 jackals (D:5)
  10 kobolds
  3 quokkas
  6 bats
  A frilled lizard (D:3)
  6 rats
87 creatures vanquished.

Vanquished Creatures (collateral kills)
  A hobgoblin (D:3)
1 creature vanquished.

Grand Total: 88 creatures vanquished

Notes
Turn   | Place    | Note
-------+----------+-------------------------------------------
     0 | D:1      | arglypuff the Djinni Hedge Wizard began the quest for the
                  | Orb.
     0 | D:1      | arglypuff set off with the following spells memorised:
                  | Magic Dart, Slow, Blink, Call Imp, Mephitic Cloud.
     0 | D:1      | Reached XP level 1. HP: 15/15 MP: 0/0
   156 | D:1      | Reached XP level 2. HP: 15/21 MP: 0/0
   339 | D:1      | Found a faded altar of an unknown god.
   521 | D:1      | Reached XP level 3. HP: 24/25 MP: 0/0
   521 | D:1      | Learned a level 1 spell: Sting
   573 | D:1      | Reached skill level 3 in Dodging
  1018 | D:2      | Reached XP level 4. HP: 25/31 MP: 0/0
  1847 | D:3      | Noticed Robin
  1860 | D:3      | Reached XP level 5. HP: 23/35 MP: 0/0
  1860 | D:3      | Learned a level 2 spell: Lesser Beckoning
  1874 | D:3      | Killed Robin
  1999 | D:3      | Found a bloodstained altar of Trog.
  2113 | D:3      | Found a hide-covered altar of Uskayaw.
  2241 | D:3      | Noticed Ijyb
  2255 | D:3      | Killed Ijyb
  2256 | D:3      | Reached skill level 4 in Dodging
  2561 | D:3      | Found a hazy altar of Hepliaklqana.
  2827 | D:3      | Reached skill level 1 in Fighting
  3023 | D:4      | Reached XP level 6. HP: 36/42 MP: 0/0
  3109 | D:4      | Found a one-way gate to the infinite horrors of the Abyss.
  3109 | D:4      | Noticed garrulousMonolith's ghost (amateur GrFi)
  3144 | D:4      | Reached skill level 1 in Polearms
  3158 | D:4      | Found the +8 demon trident "Rift" {distort, reach+}
  3188 | D:4      | Found a transporter.
  3202 | D:4      | Found a transporter.
  3831 | D:5      | Entered Level 5 of the Dungeon
  3936 | D:5      | Noticed a water moccasin
  3953 | D:5      | Found an opulent altar of Gozag.
  3964 | D:5      | Noticed an ogre
  3973 | D:5      | HP: 1/43 [orc/+0 morningstar (7)]
  3974 | D:5      | Slain by a water moccasin

Illustrated notes

Levels and vault maps discovered:
D:1:      doesnt_arrival_eight_statues, layout_basic,
          shapermc_ecumenical_altar_mp_urbaneastern, minmay_misc_feat_x,
          minmay_misc_feat_iff, supply_closet_lemuel, minmay_distorted
D:2:      layout_loops_cross
D:3:      layout_loops_ring, nicolae_uskayaw_suspiria,
          mainiacjoe_overflow_alcove_1, lemuel_doored_altar,
          minmay_misc_feat_encased, minmay_misc_feat_pillars, uniq_robin,
          uniq_ijyb
D:4:      layout_basic, gammafunk_ghost_abyssal_escape
D:5:      layout_cave_pools, grunt_gozag_breadcrumbs, serial_shops,
          kennysheep_mini, uniq_sigmund

Skill      XL: |  1  2  3  4  5  6 |
---------------+-------------------+-----
Stealth        | 2 |  2.9
Dodging        | 3 4 |  4.8
Spellcasting   | 3 |  3.6
Conjurations   | 3 |  3.6
Hexes          | 3 |  3.6
Summonings     | 3 |  3.6
Necromancy     | 3 |  3.6
Translocations | 3 |  3.6
Transmutations | 3 |  3.6
Fire Magic     | 3 |  3.6
Ice Magic      | 3 |  3.6
Air Magic      | 3 |  3.6
Earth Magic    | 3 |  3.6
Poison Magic   | 3 |  3.6
Fighting       | 1 |  1.9
Polearms       | 1 |  1.1

Action                     |  1- 3 |  4- 6 || total
---------------------------+-------+-------++-------
  Melee: Spear             |     4 |    20 ||    24
         Punch             |       |     1 ||     1
   Cast: Magic Dart        |    86 |   199 ||   285
         Call Imp          |       |     4 ||     4
    Use: Scroll            |       |     3 ||     3
 Armour: Robe              |    12 |    40 ||    52
  Dodge: Dodged            |    10 |    59 ||    69

Table legend: (Time is in decaauts)
 A = Elapsed time spent in this place.
 B = Non-inter-level travel time spent in this place.
 C = Inter-level travel time spent in this place.
 D = Time resting spent in this place.
 E = Time spent auto-exploring this place.
 F = Levels seen in this place.
 G = Mean time per level.
                   A        B        C        D        E       F      G
               +--------+--------+--------+--------+--------+-----+--------+
         Total |   3974 |   3803 |    171 |    190 |   3093 |   5 |  794.8 |
       Dungeon |   3974 |   3803 |    171 |    190 |   3093 |   5 |  794.8 |
               +--------+--------+--------+--------+--------+-----+--------+

Top non-repeatable levels by time:
     D:3: 1306 daAuts
     D:1: 923 daAuts
     D:4: 894 daAuts
     D:2: 707 daAuts
     D:5: 142 daAuts
